Map: Port Aleksander LE

Players

llllllllllll - Winner!

  • Race: Terran Terran
  • League: Master
  • Spawn Location: 5:00

PaNkake

  • Race: Zerg Zerg
  • League: Master
  • Spawn Location: 11:00

VOD

Have the link to the VOD?

Description

Time

  • Played on: Feb. 1, 2019, 5:22 p.m.
  • Length: 5:58
Show
View Real Time Build Order
Export as new Build Order

llllllllllll Terran - Winner!

Build Orders: Liberator Opening, Reaper Expand 

Get SALT Encoding   

  12  0:00  SCV  
  13  0:12  SCV  
  14  0:17  Supply Depot  
  14  0:25  SCV  
  15  0:39  SCV  
  15  0:41  Barracks  
  16  0:45  Refinery  
  16  0:51  SCV  
  17  1:03  SCV  
  18  1:15  SCV  
  19  1:28  Reaper, Orbital Command  
  20  1:46  Command Center  
  20  1:53  Supply Depot  
  20  1:56  SCV  
  20  2:00  Marine  
  22  2:08  SCV  
  23  2:12  Factory  
  23  2:20  SCV  
  24  2:30  Barracks Reactor  
  24  2:32  SCV  
  25  2:44  SCV  
  25  2:50  Command Center  
  26  2:57  SCV  
  27  2:58  Orbital Command  
  27  3:09  SCV  
  28  3:12  Barracks Tech Lab  
  28  3:13  Hellion  
  28  3:15  Hellion  
  32  3:21  SCV  
  32  3:25  Starport  
  32  3:26  SCV  
  34  3:30  Refinery  
  34  3:33  SCV  
  35  3:38  SCV  
  35  3:40  Barracks Tech Lab, Hellion  
  38  3:44  Hellion  
  38  3:46  SCV  
  38  3:47  Liberator  
  41  3:50  SCV  
  42  3:56  Supply Depot  
  42  3:58  SCV  
  42  3:59  Marine  
  42  4:02  SCV  
  45  4:03  Hellion  
  45  4:08  Hellion  
  52  4:11  SCV  
  52  4:15  SCV  
  54  4:20  Orbital Command  
  54  4:21  Supply Depot  
  55  4:27  Armory  
  55  4:29  Hellion  
  56  4:32  SCV, Hellion  
  56  4:34  SCV  
  56  4:35  Marine  
  61  4:44  SCV  
  62  4:45  Supply Depot  
  62  4:46  SCV  
  62  4:51  Starport Reactor  
  63  4:53  Marine  
  63  4:56  SCV  
  63  4:58  Orbital Command, SCV  
  66  5:08  Supply Depot, Refinery  
  66  5:09  SCV  
  66  5:10  Barracks, Refinery  
  66  5:11  Barracks  
  67  5:17  SCV  
  67  5:19  Engineering Bay  
  67  5:20  Engineering Bay  
  67  5:21  SCV  
  69  5:23  Siege Tank  
  69  5:24  Marine  
  69  5:27  SCV  
  74  5:32  SCV  
  72  5:36  SCV  
  72  5:37  Starport Reactor  
  72  5:39  SCV  
Show
View Real Time Build Order
Export as new Build Order

PaNkake Zerg 

Build Orders: Hatch First 

Get SALT Encoding   

  12  0:01  Drone  
  13  0:12  Overlord  
  13  0:18  Drone  
  14  0:32  Drone x2  
  16  0:51  Hatchery  
  16  0:52  Drone  
  16  0:56  Drone  
  17  1:00  Drone  
  19  1:12  Extractor  
  19  1:16  Spawning Pool  
  16  1:18  Drone  
  17  1:28  Drone  
  18  1:39  Drone  
  19  1:51  Overlord  
  19  2:04  Zergling x4  
  19  2:05  Queen x2  
  25  2:13  Drone  
  25  2:15  Drone  
  27  2:19  Metabolic Boost  
  27  2:23  Drone  
  27  2:28  Drone  
  29  2:34  Drone  
  30  2:40  Drone  
  30  2:44  Queen  
  32  2:52  Overlord  
  32  2:53  Drone  
  33  3:05  Hatchery  
  32  3:06  Pneumatized Carapace  
  32  3:09  Overlord  
  32  3:14  Drone  
  32  3:15  Drone  
  32  3:19  Drone x2  
  36  3:21  Drone  
  36  3:24  Drone  
  38  3:29  Drone x2  
  38  3:30  Drone  
  41  3:35  Overlord  
  41  3:41  Queen  
  41  3:43  Drone  
  41  3:45  Drone  
  45  3:55  Zergling x12  
  51  4:01  Overlord  
  51  4:06  Baneling Nest, Overlord  
  50  4:11  Queen  
  50  4:14  Drone  
  50  4:16  Overlord  
  53  4:21  Drone  
  54  4:25  Queen  
  54  4:29  Drone x4  
  54  4:30  Drone  
  61  4:35  Drone x3  
  61  4:37  Drone  
  65  4:38  Drone  
  65  4:41  Drone x2  
  68  4:53  Queen  
  68  4:59  Spore Crawler  
  69  5:00  Zergling x10  
  69  5:03  Queen  
  76  5:07  Extractor  
  76  5:13  Drone x3  
  78  5:16  Drone x3  
  78  5:18  Baneling  
  78  5:19  Evolution Chamber, Baneling x4  
  78  5:20  Evolution Chamber  
Tags
 
Add a new tag
Caveats
  • Supply blocks, unpowered buildings, or Contaminate may cause inaccurate times.
  • Supply counts are checked every 10 seconds.